Map: Cerulean Fall LE

Players

HeroMarine

  • Race: Terran Terran
  • League: Master
  • Spawn Location: 1:00

Bunny - Winner!

  • Race: Terran Terran
  • League: Diamond
  • Spawn Location: 7:00

Event: IEM Season 13 - Katowice Server Qualifiers Europe

VOD

Have the link to the VOD?

Description

Time

  • Played on: Jan. 8, 2019, 12:02 p.m.
  • Length: 9:36

All games in this series

Show
View Real Time Build Order
Export as new Build Order

HeroMarine Terran 

Build Orders: Gas First Reaper Expand 

Get SALT Encoding   

  12  0:00  SCV  
  13  0:13  SCV  
  14  0:17  Supply Depot  
  14  0:25  SCV  
  15  0:29  Refinery  
  15  0:39  SCV  
  16  0:45  Barracks  
  16  0:51  SCV  
  17  1:03  SCV  
  18  1:15  SCV  
  19  1:32  Reaper, Orbital Command  
  20  1:48  Command Center  
  20  1:59  Factory  
  20  2:02  SCV  
  20  2:07  Barracks Reactor  
  21  2:11  Reaper  
  21  2:14  Supply Depot  
  22  2:16  SCV  
  23  2:31  Refinery  
  23  2:36  SCV  
  26  2:44  Hellion  
  26  2:48  SCV  
  27  2:52  Starport  
  27  3:00  SCV  
  28  3:09  Barracks Reactor, Hellion  
  28  3:10  Orbital Command  
  28  3:12  SCV  
  30  3:26  SCV  
  31  3:31  Factory Tech Lab, Starport Tech Lab  
  31  3:38  SCV x2  
  33  3:45  Marine x2  
  35  3:49  Raven  
  35  3:50  SCV x2  
  39  4:02  SCV x2  
  43  4:14  SCV x2  
  44  4:18  Siege Tank, Supply Depot  
  44  4:20  Command Center  
  45  4:26  SCV  
  45  4:28  Refinery  
  45  4:29  Refinery  
  46  4:32  Engineering Bay  
  46  4:35  Engineering Bay  
  46  4:38  Starport Reactor  
  46  4:39  Stimpack  
  46  4:40  SCV x2  
  46  4:41  Marine  
  49  4:52  SCV x2  
  51  4:55  Barracks  
  51  4:57  Barracks  
  51  5:04  SCV x2  
  51  5:05  Terran Infantry Weapons Level 1  
  53  5:08  Terran Infantry Armor Level 1  
  54  5:18  SCV  
  54  5:23  Supply Depot  
  54  5:29  Starport Reactor  
  54  5:31  SCV x2, Siege Tank  
  54  5:32  Marine  
  54  5:34  Orbital Command  
  60  5:43  SCV x2  
  60  5:47  Marine x2  
  60  5:48  Marine x2  
  66  5:50  Marine  
  66  5:55  SCV x2  
  69  5:59  Supply Depot  
  69  6:02  Barracks  
  69  6:05  Barracks, Siege Tank  
  69  6:07  Medivac  
  69  6:09  Medivac  
  76  6:16  Supply Depot  
  76  6:19  Armory  
  76  6:21  Supply Depot  
  78  6:28  Marine x3  
  78  6:29  Marine x2  
  78  6:30  SCV  
  78  6:31  SCV  
  78  6:32  SCV  
  83  6:39  Combat Shield  
  83  6:43  Supply Depot, Siege Tank  
  83  6:46  Marine x3  
  89  6:49  Missile Turret, Barracks Reactor  
  89  6:54  Marine x2, Barracks Reactor  
  87  7:03  Marine, Medivac x2  
  87  7:04  Marine x2  
  87  7:08  Supply Depot  
  94  7:11  Terran Infantry Weapons Level 2  
  94  7:12  Marine x2  
  96  7:21  Marine x2  
  96  7:22  Marine  
  99  7:28  Marine x2  
  101  7:30  Marine x2, SCV x3  
  101  7:35  Marine  
  107  7:37  Supply Depot  
  107  7:39  Marine  
  107  7:40  Marine  
  107  7:41  Marine  
  107  7:42  SCV x3  
  113  7:44  Siege Tank  
  113  7:48  Marine  
  117  7:52  Marine  
  117  7:54  Marine x4  
  117  7:57  Marine  
  96  7:58  Marine  
  96  7:59  Marine  
  88  8:06  Marine  
  88  8:10  Marine  
  88  8:11  Marine, Medivac x2  
  88  8:12  Marine x2  
  91  8:14  Marine  
  91  8:17  Marine x2  
  91  8:24  Marine, Orbital Command  
  92  8:28  Marine  
  92  8:29  Marine x3  
  92  8:32  Marine  
  88  8:35  Marine x2  
  88  8:36  SCV  
  88  8:37  SCV  
  74  8:42  Marine  
  74  8:46  Marine  
  74  8:47  Marine x3  
  69  8:49  Marine  
  69  8:52  Marine  
  69  8:53  Marine, Medivac  
  70  9:00  Marine  
  70  9:01  Medivac  
  73  9:04  Marine  
  73  9:05  Marine x3  
  73  9:07  Marine  
  73  9:08  Factory Tech Lab  
  76  9:10  Marine  
  76  9:11  Marine  
  75  9:18  Marine  
Show
View Real Time Build Order
Export as new Build Order

Bunny Terran - Winner!

Build Orders: Gas First Reaper Expand 

Get SALT Encoding   

  12  0:00  SCV  
  13  0:13  SCV  
  14  0:17  Supply Depot  
  14  0:25  SCV  
  14  0:28  Refinery  
  15  0:39  SCV  
  16  0:44  Barracks  
  16  0:51  SCV  
  17  1:03  SCV  
  18  1:15  SCV  
  19  1:31  Reaper, Orbital Command  
  20  1:45  Command Center  
  20  1:58  Factory  
  20  2:00  SCV  
  21  2:07  Barracks Reactor  
  21  2:13  SCV  
  21  2:15  Supply Depot  
  22  2:17  Refinery  
  22  2:25  SCV  
  23  2:37  SCV  
  23  2:42  Hellion  
  23  2:44  Marine x2  
  25  2:49  SCV  
  28  2:53  Supply Depot, Starport  
  28  3:01  SCV  
  29  3:06  Factory Tech Lab  
  29  3:10  Marine x2  
  31  3:15  SCV  
  32  3:21  Orbital Command  
  32  3:28  Marine, SCV  
  32  3:32  Factory Tech Lab  
  34  3:39  Marine  
  34  3:40  Raven, SCV  
  36  3:44  Bunker  
  36  3:47  SCV  
  37  3:52  SCV  
  38  4:00  SCV  
  39  4:04  SCV  
  39  4:06  Barracks  
  39  4:09  Barracks  
  40  4:12  SCV  
  40  4:14  Stimpack  
  40  4:15  Factory Reactor  
  40  4:17  SCV  
  41  4:22  Engineering Bay  
  41  4:24  SCV  
  42  4:26  Marine  
  42  4:29  SCV  
  44  4:32  Refinery  
  44  4:34  Engineering Bay  
  44  4:37  Starport Reactor  
  44  4:40  SCV  
  44  4:41  SCV, Supply Depot  
  44  4:44  Marine  
  47  4:47  Supply Depot  
  47  4:51  Terran Infantry Weapons Level 1  
  47  4:53  SCV x2  
  47  4:56  Marine x2  
  51  5:02  Marine  
  51  5:03  Marine x2  
  51  5:05  SCV x2  
  56  5:08  Siege Tank  
  56  5:13  Refinery, Medivac  
  61  5:14  Marine  
  61  5:15  Marine  
  61  5:18  Medivac  
  61  5:19  SCV  
  66  5:21  SCV  
  66  5:25  Marine  
  66  5:26  Marine  
  69  5:28  Marine, Supply Depot  
  70  5:39  Supply Depot  
  70  5:50  Marine x2, SCV x2, Siege Tank, Supply Depot  
  70  5:52  Supply Depot  
  70  5:54  Supply Depot  
  77  5:57  Marine  
  77  6:00  Marine x2, Medivac x2  
  84  6:10  Marine x2  
  85  6:12  SCV  
  85  6:14  Supply Depot  
  85  6:15  Marine, SCV  
  85  6:17  Combat Shield  
  85  6:18  Marine  
  88  6:22  Marine  
  90  6:28  Marine x2  
  90  6:31  Siege Tank  
  95  6:32  Medivac  
  95  6:33  Marine, Medivac  
  95  6:38  SCV x2  
  102  6:49  Terran Infantry Armor Level 1  
  102  6:51  Command Center  
  101  6:56  Marine x5  
  106  7:03  Barracks  
  106  7:05  Barracks  
  106  7:07  Siege Tank  
  109  7:13  Marine  
  109  7:14  Medivac x2  
  114  7:17  Supply Depot  
  114  7:19  SCV x2  
  114  7:21  Marine  
  114  7:22  Marine  
  118  7:31  Supply Depot  
  118  7:33  Marine  
  118  7:35  Marine  
  116  7:52  Siege Tank  
  107  8:03  Marine x5, Barracks Reactor  
  107  8:04  SCV x2  
  108  8:06  Orbital Command  
  108  8:14  Medivac x2  
  112  8:21  Marine x5  
  112  8:24  SCV x2  
  119  8:38  Marine  
  119  8:39  Marine x2  
  119  8:40  Marine x4  
  118  8:47  SCV  
  118  8:48  SCV x2  
  114  8:55  Siege Tank  
  117  8:56  Marine x2  
  117  8:57  Marine  
  117  8:58  Marine x3  
  117  8:59  Barracks Reactor, Engineering Bay  
  117  9:00  Armory  
  117  9:01  SCV  
  117  9:02  Refinery x2, SCV x2  
  126  9:04  Marine  
  126  9:05  Sensor Tower  
  126  9:14  Marine x3  
  126  9:16  Marine x3  

Tags
 
Add a new tag
Caveats
  • Supply blocks, unpowered buildings, or Contaminate may cause inaccurate times.
  • Supply counts are checked every 10 seconds.